 Dungeon Crawl Stone Soup version 0.19-a0-990-gf36c7f1 (webtiles) character file.

370 Implojin the Ruffian (level 6, -6/59 HPs)
             Began as a Troll Fighter on July 14, 2016.
             Was a Follower of Cheibriados.
             Mangled by a troll (9 damage)
             ... on level 10 of the Dungeon.
             The game lasted 00:03:06 (551 turns).

Implojin the Ruffian (Troll Fighter)                 Turns: 551, Time: 00:03:07

Health: -6/59      AC:  5    Str: 27    XL:     6   Next: 42%
Magic:  5/5        EV:  8    Int:  6    God:    Cheibriados [*.....]
Gold:   61         SH:  9    Dex: 13    Spells: 0 memorised, 5 levels left

rFire  . . .     SeeInvis .       - Unarmed
rCold  . . .     Gourm    +     a - +0 robe
rNeg   . . .     Faith    .     b - +0 shield
rPois  .         Spirit   .     (helmet restricted)
rElec  .         Dismiss  .     (no cloak)
rCorr  .         Reflect  .     (gloves unavailable)
SustAt .         Harm     .     (boots unavailable)
MR     .....                    (no amulet)
Stlth  +.........               (no ring)
                                (no ring)

@: very slow, not resistant to hostile enchantments, very unstealthy
A: unfitting armour, claws 3, fast metabolism 3, gourmand, regeneration 2,
shaggy fur 1, tough skin 2
a: Bend Time, Renounce Religion


You were on level 10 of the Dungeon.
You worshipped Cheibriados.
Cheibriados was aware of your devotion.
You were completely stuffed.

You visited 1 branch of the dungeon, and saw 10 of its levels.

You collected 61 gold pieces.

Inventory:

Armour
 a - a +0 robe (worn)
 b - a +0 shield (worn)
 f - a +0 cloak
Magical Staves
 c - an uncursed staff of conjuration {unknown}
Wands
 q - a wand of random effects (20/48)
Scrolls
 e - a scroll of remove curse {unknown}
 j - a scroll of fear {unknown}
 m - a scroll of magic mapping {unknown}
 n - a scroll of amnesia {unknown}
 o - a scroll of torment {unknown}
Potions
 h - a potion of ambrosia
 i - a potion of brilliance
 p - a potion of mutation {unknown}
Books
 l - a book of Dreams

   Spells                             Type                      Level
   a - Ensorcelled Hibernation        Hexes/Ice                    2
   b - Silence                        Hexes/Air                    5
   c - Darkness                       Hexes                        6
   d - Shadow Creatures               Summoning                    6
Comestibles
 d - 4 bread rations
 g - 2 meat rations
 k - 3 chunks of flesh


   Skills:
 - Level 2.4 Fighting
 - Level 2.4 Dodging
 - Level 2.4 Shields
 * Level 6.9 Unarmed Combat


You had 5 spell levels left.
You didn't know any spells.

Dungeon Overview and Level Annotations

Branches:
Dungeon (10/15)
 Temple: D:4-7         Lair: D:8-11         Orc: D:9-12

Altars:
Cheibriados
Elyvilon
Fedhas
Hepliaklqana
Qazlal
Trog
Yredelemnul


Innate Abilities, Weirdness & Mutations

You are too large for most types of armour.
You have claws for hands.
Your metabolism is lightning-fast.
You like to eat raw meat.
You heal very quickly.
You are covered in fur. (AC +1)
You have very tough skin. (AC +2)


Message History

You climb downwards.
Found a scale mail and a twisted gold wand.
There is a stone staircase leading up here.
You feel a little less mighty now.
q - a wand of random effects
Found a meat ration.
g - 2 meat rations (gained 1)
Found an escape hatch in the floor.
Found a chain mail.
Found a bubbling golden potion and a silver wand.
A troll comes into view.
The troll shouts!
Okay, then.
Okay, then.
You scratch the troll.
The troll is lightly wounded.
The troll bites you! The troll claws you. The troll claws you!
* * * LOW HITPOINT WARNING * * *
Unknown command.
You scratch the troll.
The troll is lightly wounded.
The troll bites you but does no damage. The troll claws you.
* * * LOW HITPOINT WARNING * * *
The troll claws you.
* * * LOW HITPOINT WARNING * * *
Unknown command.
You closely miss the troll.
The troll is lightly wounded.
The troll bites you!
* * * LOW HITPOINT WARNING * * *
The troll claws you!
* * * LOW HITPOINT WARNING * * *
You block the troll's attack.
Unknown command.
You mangle the troll!!
The troll is severely wounded.
You block the troll's attack. The troll claws you!
* * * LOW HITPOINT WARNING * * *
The troll claws you!
You die...

..... ...........
......#..........#
......#.[.....##.###.#
......#...............
.....................#
.....................#
.....................#
...............#>...###
.......T@..............
...................##
........<....[.....#####
...........###..........
#....##....###.#..######
#.... #...........# #.#
#....###.#..# ## #....#
#.#..# #
##.#.###.##.#######


You could see a troll.

Vanquished Creatures
  Prince Ribbit (D:7)
  An ogre (D:8)
  An iguana (D:7)
  A giant frog skeleton (D:7)
  2 adders
  An adder skeleton (D:7)
  A goblin (D:3)
  A hobgoblin (D:2)
  4 jackals (D:2)
  A kobold (D:2)
  A quokka (D:6)
  A bat (D:3)
  2 giant newts (D:1)
  A jackal skeleton (D:4)
  A rat (D:1)
20 creatures vanquished.

Vanquished Creatures (others)
  7 toadstools (D:1)
7 creatures vanquished.

Grand Total: 27 creatures vanquished

Notes
Turn   | Place    | Note
-------+----------+-------------------------------------------
     0 | D:1      | Implojin the Troll Fighter began the quest for the Orb.
     0 | D:1      | Reached XP level 1. HP: 22/22 MP: 0/0
   107 | D:2      | Found a snail-covered altar of Cheibriados.
   133 | D:2      | Became a worshipper of Cheibriados the Contemplative
   168 | D:2      | Reached XP level 2. HP: 29/29 MP: 1/1
   259 | D:3      | Reached skill level 3 in Unarmed Combat
   266 | D:4      | Found a blossoming altar of Fedhas.
   266 | D:4      | Noticed an ogre
   302 | D:4      | Found a stormy altar of Qazlal.
   304 | D:4      | Found a basalt altar of Yredelemnul.
   306 | D:4      | Found a hazy altar of Hepliaklqana.
   324 | D:5      | Entered Level 5 of the Dungeon
   335 | D:6      | Found a bloodstained altar of Trog.
   390 | D:7      | Reached skill level 4 in Unarmed Combat
   390 | D:7      | Reached XP level 3. HP: 34/36 MP: 2/2
   442 | D:7      | Reached XP level 4. HP: 31/44 MP: 3/3
   443 | D:7      | Noticed Prince Ribbit
   454 | D:7      | Killed Prince Ribbit
   454 | D:7      | Reached skill level 6 in Unarmed Combat
   454 | D:7      | Reached XP level 5. HP: 29/50 MP: 4/4
   454 | D:7      | Reached XP level 6. HP: 35/59 MP: 5/5
   463 | D:7      | Reached * piety under Cheibriados
   481 | D:8      | Found a white marble altar of Elyvilon.
   499 | D:10     | Entered Level 10 of the Dungeon
   543 | D:10     | Noticed a troll
   551 | D:10     | Mangled by a troll

Vault maps used:
D:1:      nagdon_arrival_zigzag_paths, serial_bayou_lagoon_a
D:2:      cheibriados_altar_1, grunt_temple_overflow_open, first_bread
D:4:      fedhas_altar_1, nicolae_overflow_hidden_temple, serial_shops,
          nicolae_shop_waterfront, minmay_misc_feat_pillars
D:6:      kennysheep_mini, uniq_duvessa
D:7:      the_bakery, minmay_misc_feat_encased, minmay_large_rounded_square,
          uniq_prince_ribbit1
D:8:      elyvilon_altar_5, basic_altar, serial_shops, shop, uniq_erica
D:9:      grunt_temple_overflow_lords_of_destruction
D:10:     minmay_twisted_water, orc_0_dummy, uniq_snorg

Skill      XL: |  1  2  3  4 |
---------------+-------------+-----
Unarmed Combat | 4 6 |  6.9
Fighting       | |  2.4
Dodging        | |  2.4
Shields        | |  2.4

Action                   |  1- 3 |  4- 6 || total
-------------------------+-------+-------++-------
Melee: Unarmed           |    62 |    15 ||    77
  Use: Scroll            |     2 |       ||     2
       Potion            |       |     1 ||     1
  Eat: Chunk             |    10 |     1 ||    11
Armor: Robe              |    48 |     4 ||    52
Dodge: Dodged            |    33 |     2 ||    35
Block: Shield            |    62 |     6 ||    68

Table legend:
 A = Turns spent in this place as a percentage of turns spent in the entire game.
 B = Non-inter-level travel turns spent in this place as a percentage of non-inter-level travel turns spent in the entire game.
 C = Inter-level travel turns spent in this place as a percentage of turns spent in this place.
 D = Turns resting spent in this place as a percentage of non-inter-level travel turns spent in this place.
 E = Turns spent auto-exploring this place as a percentage of non-inter-level travel turns spent in this place.
 F = Non-inter-level travel turns spent in this place divided by the number of levels of this place that you've seen.
                   A       B       C       D       E      F
               +-------+-------+-------+-------+-------+----------------------
         Total | 100.0 | 100.0 |   0.0 |   0.0 |   0.0 |  53.0
       Dungeon | 100.0 | 100.0 |   0.0 |   0.0 |   0.0 |  53.0
               +-------+-------+-------+-------+-------+----------------------

Table legend:
 A = Kills in this place as a percentage of kills in entire the game.
 B = Kills by you in this place as a percentage of kills by you in the entire game.
 C = Kills by friends in this place as a percentage of kills by friends in the entire game.
 D = Other kills in this place as a percentage of other kills in the entire game.
 E = Experience gained in this place as a percentage of experience gained in the entire game.
 F = Experience gained in this place divided by the number of levels of this place that you have seen.
                   A       B       C       D       E      F
               +-------+-------+-------+-------+-------+----------------------
         Total | 100.0 | 100.0 |  -nan |  -nan | 100.0 |  52.9
       Dungeon | 100.0 | 100.0 |  -nan |  -nan | 100.0 |  52.9
               +-------+-------+-------+-------+-------+----------------------
